 Dungeon Crawl Stone Soup version 0.24-a0-504-gcfb02b9d07 (webtiles) character file.

Game seed: 17394294276969706018

1365 Arthanis the Fighter (level 8, -7/81 HPs)
             Began as a Gargoyle Berserker on July 16, 2019.
             Was a Priest of Trog.
             Mangled by an orc warrior
             ... wielding a +0 mace
              (16 damage)
             ... on level 6 of the Dungeon.
             The game lasted 00:06:37 (3377 turns).

Arthanis the Fighter (Gargoyle Berserker)           Turns: 3377, Time: 00:06:38

Health: -7/81      AC: 17    Str: 25    XL:     8   Next: 65%
Magic:  8/8        EV:  7    Int: 16    God:    Trog [***...]
Gold:   221        SH:  0    Dex:  9    Spells: 7/7 levels left

rFire    + . .     SeeInvis .   a - +0 hand axe
rCold    . . .     Gourm    .   (no shield)
rNeg     + . .     Faith    .   u - +0 plate armour
rPois    ∞         Spirit   .   (no helmet)
rElec    +         Reflect  .   (no cloak)
rCorr    .         Harm     .   (no gloves)
MR       .....                  (no boots)
Stlth    ..........             z - amulet of rage
HPRegen  0.23/turn              k - ring of protection from fire
MPRegen  0.11/turn              i - +5 ring of intelligence

@: berserking, slowed
A: negative energy resistance 1, electricity resistance, unbreathing,
petrification resistance, rot immunity, AC +5
a: Berserk, Trog's Hand, Renounce Religion, Evoke Berserk Rage


You were on level 6 of the Dungeon.
You worshipped Trog.
Trog was most pleased with you.
You were very hungry.

You visited 1 branch of the dungeon, and saw 6 of its levels.

You collected 221 gold pieces.

Inventory:

Hand Weapons
 a - a +0 hand axe (weapon)
 b - a +0 war axe
 o - a +1 short sword of venom
 t - a +2 flail of protection
Armour
 j - a +0 animal skin
 u - a +0 plate armour (worn)
 A - the +1 leather armour of the Barber Surgeon {rElec}
   (You found it on level 4 of the Dungeon)

   It insulates you from electricity.
Jewellery
 i - a +5 ring of intelligence (right hand)
 k - a ring of protection from fire (left hand)
 w - an uncursed amulet of magic regeneration
 z - an amulet of rage (around neck)
Wands
 y - a wand of polymorph (4)
Scrolls
 d - 3 scrolls of identify {unknown}
 f - 2 scrolls of fog {unknown}
 l - 3 scrolls of enchant weapon {unknown}
 m - a scroll of teleportation {unknown}
 p - 5 scrolls of remove curse
 r - a scroll of fear {unknown}
 v - a scroll of immolation {unknown}
 x - 2 scrolls of random uselessness {unknown}
 D - a scroll of enchant armour {unknown}
 E - a scroll of amnesia {unknown}
Potions
 e - 4 potions of heal wounds {unknown}
 g - 2 potions of flight {unknown}
 h - a potion of resistance {unknown}
 n - 3 potions of curing {unknown}
 q - a potion of mutation {unknown}
 s - 2 potions of magic {unknown}
 C - a potion of brilliance {unknown}
Comestibles
 c - 7 rations
 B - 3 chunks of flesh


   Skills:
 + Level 8.2 Fighting
 + Level 6.8 Axes
 - Level 4.1 Armour
 - Level 2.0 Dodging


You had 7 spell levels left.
You didn't know any spells.
Your spell library was empty.

Dungeon Overview and Level Annotations

Branches:
Dungeon (6/15)
 Temple: D:4-7

Altars:
Elyvilon
Fedhas
Hepliaklqana
Nemelex Xobeh
Okawaru
Sif Muna
Xom


Innate Abilities, Weirdness & Mutations

You are resistant to torment.
Your stone body is resilient. (AC +5)
You are immune to poison.
You resist negative energy. (rN+)
You are resistant to electric shocks. (rElec)
You can survive without breathing.
You are immune to petrification.
You are immune to rotting.


Message History

The ogre is almost dead.
You hit the orc warrior but do no damage.
You hit the crimson imp.
You kill the crimson imp!
Trog accepts your kill.
Your Fighting skill increases to level 8!
The ogre hits you with a +0 giant club!
* * * LOW HITPOINT WARNING * * *
You slash the ogre!
You kill the ogre!
Trog accepts your kill.
You hit the orc warrior.
The orc warrior hits you with a +0 mace!
* * * LOW HITPOINT WARNING * * *
The orc wizard gestures at you while chanting.
You resist with some effort.
Your plate armour prevents you from hitting the orc warrior.
The orc warrior is severely wounded.
The orc warrior hits you with a +0 mace!
You die...

.###.....(......# .....
.....#.......[..##......
####...###...#..........
###.###..!......$....
#.................
#.<.....o.).......#
+.................#
+...#.........[...##.
#....#.......@)......
#.##........<)o...### #.
###..........$..# #.
##..##........# ##.
..........#
#.............
.............
.###..........


You could see an orc warrior and an orc wizard.

Vanquished Creatures
  Sigmund (D:3)
  An ice beast (D:6)
  A phantom (D:4)
  2 ogres
  A bullfrog (D:6)
  A scorpion (D:2)
  A howler monkey (D:4)
  A crimson imp (D:6)
  2 hounds
  5 orc wizards
  2 orc priests
  2 bullfrog skeletons (D:4)
  Ijyb (D:3)
  Jessica (D:3)
  Natasha (D:3)
  An iguana (D:5)
  2 worker ants
  A hound skeleton (D:6)
  4 gnolls
  3 adders
  A shadow imp (D:3)
  An ooze (D:2)
  An adder zombie (D:5)
  4 worms
  A dart slug (D:2)
  4 leopard geckos
  16 orcs
  5 giant cockroaches
  4 goblins
  7 hobgoblins
  3 jackals (D:5)
  2 quokkas
  3 ball pythons
  7 bats
  2 frilled lizards
  10 kobolds
  8 rats
113 creatures vanquished.

Notes
Turn   | Place    | Note
-------+----------+-------------------------------------------
     0 | D:1      | Arthanis the Gargoyle Berserker began the quest for the
                  | Orb.
     0 | D:1      | Reached XP level 1. HP: 14/14 MP: 1/1
   126 | D:1      | Reached XP level 2. HP: 17/19 MP: 2/2
   576 | D:1      | Reached XP level 3. HP: 23/23 MP: 3/3
   911 | D:2      | Found a deep blue altar of Sif Muna.
   935 | D:2      | Reached ** piety under Trog
   965 | D:2      | Reached XP level 4. HP: 21/29 MP: 4/4
   966 | D:2      | Reached skill level 4 in Fighting
  1138 | D:2      | Reached XP level 5. HP: 14/34 MP: 5/5
  1249 | D:3      | Noticed Ijyb
  1472 | D:3      | Noticed Jessica
  1477 | D:3      | Killed Jessica
  1501 | D:3      | Reached XP level 6. HP: 13/40 MP: 6/6
  1592 | D:3      | Reached skill level 5 in Fighting
  1608 | D:3      | Found a white marble altar of Elyvilon.
  1732 | D:3      | Reached *** piety under Trog
  1734 | D:3      | Killed Ijyb
  1745 | D:3      | Noticed Sigmund
  1765 | D:3      | Killed Sigmund
  1765 | D:3      | Reached skill level 6 in Fighting
  1765 | D:3      | Reached XP level 7. HP: 30/46 MP: 7/7
  1838 | D:3      | Reached skill level 5 in Axes
  1949 | D:3      | Found a sparkling altar of Nemelex Xobeh.
  2008 | D:3      | Noticed Natasha
  2015 | D:3      | Killed Natasha
  2120 | D:4      | Found an iron altar of Okawaru.
  2205 | D:4      | Got an ichor-stained leather armour
  2580 | D:4      | Reached skill level 7 in Fighting
  2580 | D:4      | Reached XP level 8. HP: 38/53 MP: 8/8
  2737 | D:4      | Found a hazy altar of Hepliaklqana.
  2738 | D:4      | Found a shimmering altar of Xom.
  2739 | D:4      | Noticed a spectral ugly thing
  2859 | D:5      | Entered Level 5 of the Dungeon
  2898 | D:5      | Identified the cursed +1 leather armour of the Barber
                  | Surgeon {rElec} (You found it on level 4 of the Dungeon)
  3271 | D:5      | Found a blossoming altar of Fedhas.
  3303 | D:5      | You fall into a shaft and drop 1 floor!
  3375 | D:6      | Reached skill level 8 in Fighting
  3377 | D:6      | Mangled by an orc warrior

Levels and vault maps discovered:
D:1:      dpeg_arrival_connections, layout_basic
D:2:      layout_loops_ring, lemuel_crystal_altar
D:3:      layout_rooms, lemuel_coloured_pillars_altar, elyvilon_altar_5,
          uniq_natasha, uniq_ijyb, uniq_jessica, uniq_sigmund
D:4:      layout_gridville, regret_index_temple_of_mockery, okawaru_trees_1
D:5:      layout_loops_ring, kennysheep_little_box,
          nicolae_overflow_crystal_walls, first_ration
D:6:      minmay_chambers_of_sixes, layout_rooms,
          minmay_temple_entry_statues_pillars, serial_shops, shop_fountains,
          kennysheep_generic_room_4, uniq_crazy_yiuf_cottage

Skill      XL: |  1  2  3  4  5  6  7  8 |
---------------+-------------------------+-----
Axes           | 3 4 5 6 |  6.8
Dodging        | 2 |  2.0
Armour         | 3 4 |  4.1
Fighting       | 4 6 7 8 |  8.2

Action                   |  1- 3 |  4- 6 |  7- 9 || total
-------------------------+-------+-------+-------++-------
Melee: Hand axe          |    44 |       |     9 ||    53
       Short sword       |    36 |   109 |   250 ||   395
Invok: Berserk           |     1 |     4 |     2 ||     7
       Trog's Hand       |       |     1 |       ||     1
  Use: Scroll            |       |       |     1 ||     1
  Eat: Chunk             |       |     7 |     7 ||    14
Armor: Animal skin       |    23 |    27 |       ||    50
       Plate armour      |       |    34 |   193 ||   227
       Skin              |       |     5 |       ||     5
Dodge: Dodged            |    56 |    50 |   101 ||   207

Table legend:
 A = Non-vault XP
 B = Vault XP
 C = Vault XP percentage of total XP
 D = Non-vault monster count
 E = Vault monster count
 F = Vault count percentage of total count
                 A         B        C        D         E       F
            +---------+---------+-------+---------+---------+-------
      Total |    1611 |     339 |  17.4 |     109 |       4 |   3.5
            +---------+---------+-------+---------+---------+-------
        D:1 |      35 |       0 |   0.0 |      16 |       0 |   0.0
        D:2 |     187 |       0 |   0.0 |      25 |       0 |   0.0
        D:3 |     236 |     339 |  59.0 |      32 |       4 |  11.1
        D:4 |     475 |       0 |   0.0 |      12 |       0 |   0.0
        D:5 |     179 |       0 |   0.0 |      14 |       0 |   0.0
        D:6 |     499 |       0 |   0.0 |      10 |       0 |   0.0
            +---------+---------+-------+---------+---------+-------
